 Dungeon Crawl Stone Soup version 0.25.0-11-g1f837a76a1 (webtiles) character file.

Game seed: 13826891067749088823

8 sentinel the Shield-Bearer (level 2, 25/27 HPs)
             Began as a Deep Dwarf Fighter on June 24, 2020.
             Quit the game on level 1 of the Dungeon.
             The game lasted 00:00:40 (347 turns).

sentinel the Shield-Bearer (Deep Dwarf Fighter)      Turns: 347, Time: 00:00:40

Health: 25/27      AC:  6    Str: 19    XL:     2   Next: 0%
Magic:  2/2        EV:  7    Int:  8    God:
Gold:   49         SH:  9    Dex: 12    Spells: 1/1 levels left

rFire    . . .     SeeInvis .   a - +0 war axe
rCold    . . .     Gourm    .   c - +0 kite shield
rNeg     . . .     Faith    .   b - +0 scale mail
rPois    .         Spirit   .   (no helmet)
rElec    .         Reflect  .   (no cloak)
rCorr    .         Harm     .   (no gloves)
MR       .....                  (no boots)
Stlth    ..........             (no amulet)
HPRegen  0.00/turn              (no ring)
MPRegen  0.08/turn              (no ring)

@: non-regenerating
A: damage resistance, heal wounds, sense surroundings 1, no regeneration
a: Heal Wounds


You were on level 1 of the Dungeon.
You were not hungry.

You visited 1 branch of the dungeon, and saw 1 of its levels.

You collected 49 gold pieces.

Inventory:

Hand Weapons
 a - a +0 war axe (weapon)
Armour
 b - a +0 scale mail (worn)
 c - a +0 kite shield (worn)
Jewellery
 j - a cursed ring of teleportation {unknown}
 l - a cursed amulet of inaccuracy {unknown}
Scrolls
 k - a scroll of amnesia {unknown}
Potions
 d - a potion of might
 g - 3 potions of degeneration {unknown}
 h - a potion of curing {unknown}
 i - 2 potions of lignification {unknown}
Comestibles
 e - 3 rations
 f - a chunk of flesh


   Skills:
 + Level 2.8 Fighting
 * Level 2.5 Axes
 + Level 3.4 Armour
 + Level 3.4 Shields


You had one spell level left.
You didn't know any spells.
Your spell library was empty.

Dungeon Overview and Level Annotations

Branches:
Dungeon (1/15)

Altars:


Innate Abilities, Weirdness & Mutations

You are resistant to damage.
You can heal yourself by infusing magical energy.
You passively map a small area around you.
You do not regenerate.


Message History

The bat hits you but does no damage. x3; The bat barely misses you.
You closely miss the bat. The bat hits you.
The bat hits you but does no damage. You block the bat's attack.
The bat hits you but does no damage.
You miss the bat. The bat hits you. The bat hits you but does no damage.
The bat closely misses you.
You closely miss the bat. You block the bat's attack.
The bat closely misses you. The bat hits you but does no damage.
The bat barely misses you.
No target in view!
No target in view!
No target in view!
No target in view!
No target in view!
No target in view!
No target in view!
The bat is too close now for your liking.
There is an open door here.
But you're not safe! But you're not safe! But you're not safe!
The bat barely misses you. You block the bat's attack.
You slash the bat!
You kill the bat!
No target in view!
No target in view!
No target in view!
No target in view!
No target in view!
No target in view!
No target in view!
No target in view!
There is an open door here.
g - a smoky yellow potion You open the door.
Found 27 stones.
There is an open door here.
You see here 27 stones.
You now have 29 gold pieces (gained 9).
Found a dagger.
g - 3 smoky yellow potions (gained 2)
Found a mace.
No target in view!
No target in view!
No target in view!
No target in view!
No target in view!
No target in view!
No target in view!
No target in view!
No target in view!
No target in view!
h - a fizzy yellow potion
i - 2 black potions
j - a twisted ruby ring You open the door.
There is an open door here.
A kobold comes into view. It is wielding a +0 short sword.
The kobold shouts!
But you're not safe! But you're not safe! You block the kobold's attack.
You hit the kobold.
You kill the kobold!
No target in view!
No target in view!
No target in view!
No target in view!
No target in view!
No target in view!
No target in view!
No target in view!
Things that are here:
a +0 short sword; a kobold corpse You now have 36 gold pieces (gained 7).
A frilled lizard comes into view.
The frilled lizard hisses angrily.
Found a ration.
But you're not safe! But you're not safe! But you're not safe!
You barely miss the frilled lizard. You block the frilled lizard's attack.
The frilled lizard barely misses you.
You miss the frilled lizard.
The frilled lizard bites you but does no damage.
Your shield and scale mail prevent you from hitting the frilled lizard.
You block the frilled lizard's attack. x2
You slash the frilled lizard!
You kill the frilled lizard!
No target in view!
No target in view!
No target in view!
You butcher the frilled lizard corpse.
f - 2 chunks of flesh (gained 1)
You see here a frilled lizard skeleton. x2
e - 3 rations (gained 1)
k - a scroll labeled SURIGU KOSULE Some of the chunks of flesh in your inventory have rotted away.
l - a dented ruby amulet
Found a stone staircase leading down.
A kobold comes into view.
The kobold shouts!
You closely miss the kobold. You block the kobold's attack.
The kobold closely misses you.
You closely miss the kobold. The kobold hits you but does no damage.
You barely miss the kobold. The kobold closely misses you.
You hit the kobold.
You kill the kobold!
No target in view!
No target in view!
No target in view!
No target in view!
No target in view!
You see here a kobold corpse.
A kobold comes into view.
The kobold shouts!
But you're not safe! But you're not safe! But you're not safe!
You closely miss the kobold. The kobold hits you but does no damage.
You block the kobold's attack.
You hit the kobold.
You kill the kobold!
No target in view!
No target in view!
No target in view!
No target in view!
No target in view!
No target in view!
No target in view!
No target in view!
No target in view!
No target in view!
No target in view!
No target in view!
You see here a kobold corpse.
Found a short sword.
You now have 49 gold pieces (gained 13).
Found a hunting sling.
A goblin comes into view.
The goblin shouts!
But you're not safe! But you're not safe! The goblin closely misses you.
You miss the goblin. The goblin hits you. You block the goblin's attack.
You hit the goblin. The goblin hits you.
You completely miss the goblin. You block the goblin's attack.
You slash the goblin!
You kill the goblin!
You have reached level

2! ....#.....##..#
....###..###..# * ....#
##.###..# , ....#
#..##..# ** .#+##
##.##..# * .# #.##.)#
*, ## #.##..# * *
#.##..######.### *
#.##....@......#
#.######.##.#######.#.#
#.................# *
♣♣♣♣♣####.##.#####.#
....♣ #.##.# ,*


PPP.♣ #.##.# *, ≈≈P.♣ #.##.# , 8≈P.♣ #..#.# ≈≈P.♣ ##.#.# , There were no
monsters in sight!

Vanquished Creatures
  A bat (D:1)
  A goblin (D:1)
  3 kobolds (D:1)
  A frilled lizard (D:1)
  2 rats (D:1)
8 creatures vanquished.

Notes
Turn   | Place    | Note
-------+----------+-------------------------------------------
     0 | D:1      | sentinel the Deep Dwarf Fighter began the quest for the
                  | Orb.
     0 | D:1      | Reached XP level 1. HP: 20/20 MP: 1/1
   346 | D:1      | Reached XP level 2. HP: 25/27 MP: 2/2
   347 | D:1      | Quit the game

Illustrated notes

Levels and vault maps discovered:
D:1:      tarquinn_simple_flora_water_a, layout_basic

Action                   || total
-------------------------++-------
Melee: War axe           ||    28
Armor: Scale mail        ||    19
Dodge: Dodged            ||    11
Block: Kite shield       ||    18
